 Dungeon Crawl Stone Soup version 0.19.5 (webtiles) character file.

3633 Kahsius the Grappler (level 9, -4/80 HPs)
             Began as a Troll Berserker on Mar 7, 2017.
             Was a High Priest of Trog.
             Slain by a yak (10 damage)
             ... on level 8 of the Dungeon.
             The game lasted 00:14:23 (5179 turns).

Kahsius the Grappler (Troll Berserker)              Turns: 5179, Time: 00:14:25

Health: -4/80      AC:  5    Str: 28    XL:     9   Next: 87%
Magic:  0/8        EV: 10    Int:  3    God:    Trog [*****.]
Gold:   325        SH:  0    Dex: 11    Spells: 0 memorised, 8 levels left

rFire  . . .     SeeInvis .       - Unarmed
rCold  . . .     Gourm    +     a - +0 animal skin
rNeg   . . .     Faith    .     (no shield)
rPois  .         Spirit   +     (helmet restricted)
rElec  .         Reflect  .     (no cloak)
rCorr  .         Harm     .     (gloves unavailable)
MR     ++...                    (boots unavailable)
Stlth  ++........               k - amulet of guardian spirit
                                (no ring)
                                g - ring of stealth

@: regenerating
A: unfitting armour, claws 3, fast metabolism 3, gourmand, regeneration 1,
shaggy fur 1, tough skin 2
a: Berserk, Trog's Hand, Brothers in Arms, Burn Spellbooks, Renounce Religion


You were on level 8 of the Dungeon.
You worshipped Trog.
Trog was extremely pleased with you.
You were completely stuffed.

You visited 1 branch of the dungeon, and saw 8 of its levels.

You collected 325 gold pieces.

Inventory:

Armour
 a - a +0 animal skin (worn)
Jewellery
 g - a ring of stealth (left claw)
 k - an amulet of guardian spirit (around neck)
 t - an uncursed ring of positive energy {unknown}
 z - an uncursed ring of resist corrosion {unknown}
Wands
 h - a wand of iceblast (15/15)
 y - a wand of flame (30/48)
Scrolls
 c - 5 scrolls of remove curse
 e - 3 scrolls of teleportation
 n - a scroll of fear
 p - a scroll of holy word
 r - a scroll of recharging
Potions
 d - 3 potions of curing
 i - 2 potions of ambrosia
 j - 2 potions of brilliance
 m - 2 potions of heal wounds
 o - a potion of cancellation {unknown}
 s - a potion of cure mutation
 w - a potion of haste {unknown}
Books
 q - a book of Changes

   Spells                             Type                      Level
   a - Beastly Appendage              Transmutation                1
   b - Sticks to Snakes               Transmutation                2
   c - Spider Form                    Transmutation/Poison         3
   d - Ice Form                       Ice/Transmutation            4
   e - Blade Hands                    Transmutation                5
   Trog disapproves of the use of such an item.
 x - a book of Battle

   Spells                             Type                      Level
   a - Infusion                       Charms                       1
   b - Shroud of Golubria             Charms/Translocation         2
   c - Song of Slaying                Charms                       2
   d - Spectral Weapon                Hexes/Charms                 3
   e - Regeneration                   Charms/Necromancy            3
   Trog disapproves of the use of such an item.
 A - a book of Battle

   Spells                             Type                      Level
   a - Infusion                       Charms                       1
   b - Shroud of Golubria             Charms/Translocation         2
   c - Song of Slaying                Charms                       2
   d - Spectral Weapon                Hexes/Charms                 3
   e - Regeneration                   Charms/Necromancy            3
   Trog disapproves of the use of such an item.
Comestibles
 b - 4 bread rations
 f - 2 meat rations
 l - a beef jerky
 u - a royal jelly


   Skills:
 - Level 2.4 Fighting
 - Level 2.4 Dodging
 - Level 0.2 Stealth
 + Level 13.8 Unarmed Combat


You had 8 spell levels left.
You didn't know any spells.

Dungeon Overview and Level Annotations

Branches:
Dungeon (8/15)             Temple (0/1) D:6
   Lair: D:8-11

Altars:
Fedhas
Gozag
Nemelex Xobeh
Qazlal
Sif Muna
Trog
Uskayaw
Vehumet
Yredelemnul
The Shining One

Shops:
D:5 :


Innate Abilities, Weirdness & Mutations

You are too large for most types of armour.
You have claws for hands.
Your metabolism is lightning-fast.
You like to eat raw meat.
Your natural rate of healing is unusually fast.
You are covered in fur. (AC +1)
You have very tough skin. (AC +2)


Message History

* * * LOW HITPOINT WARNING * * *
You are too injured to fight recklessly!
You are too injured to fight recklessly!
You are too injured to fight recklessly!
You are too injured to fight recklessly!
You are too injured to fight recklessly!
You are too injured to fight recklessly!
You are too injured to fight recklessly!
You are too injured to fight recklessly!
You are too injured to fight recklessly!
You are too injured to fight recklessly!
You are too injured to fight recklessly!
You are too injured to fight recklessly!
Your skin crawls.
You feel resistant to hostile enchantments.
You feel somewhat less full. The yak gores you!
* * * LOW HITPOINT WARNING * * *
The big kobold hits you but does no damage.
The yak gores you!
You die...

##...#......#
#....)##.##.#
##...###.##.#####
#####.####.##.##..
#PP≈.≈.≈.#.##.##.#
#P≈..%...####.##.####
#≈≈P.....# #.....>.#
#P≈≈.%P..# ####.##.#.
#.≈P.@Y%.# ##......
#+###KY'## ##.###.##
#.....#####...## #
+...%%#+.......#
###########...##.#
#.......# #.#######
.# #.# ######.# #+#
#.#


You could see 2 yaks and a big kobold.

Vanquished Creatures
  2 hippogriffs (D:8)
  2 dream sheep (D:8)
  Sigmund (D:6)
  A wyvern (D:8)
  The ghost of Kahsius the Cudgeler, an amateur TrBe of Trog (D:3)
  2 orc warriors
  A sky beast (D:8)
  An ice beast (D:8)
  3 phantoms
  5 ogres
  Blork the orc (D:6)
  3 bullfrogs
  A big kobold (D:8)
  A gnoll sergeant (D:8)
  A scorpion (D:8)
  2 howler monkeys (D:7)
  2 crimson imps (D:7)
  A lava snake (D:8)
  A hound (D:3)
  2 orc priests
  4 jellies
  2 bullfrog skeletons
  3 orc wizards
  Jessica (D:2)
  7 worker ants
  A hound skeleton (D:7)
  A worker ant zombie (D:7)
  5 adders
  5 gnolls (D:8)
  2 shadow imps
  An ooze (D:1)
  2 dart slugs
  4 leopard geckos
  31 orcs
  3 giant cockroaches (D:1)
  5 goblins
  13 hobgoblins
  4 jackals (D:3)
  7 kobolds
  5 quokkas
  9 bats
  8 frilled lizards
  A jackal skeleton (D:8)
  6 rats
164 creatures vanquished.

Notes
Turn   | Place    | Note
-------+----------+-------------------------------------------
     0 | D:1      | Kahsius the Troll Berserker began the quest for the Orb.
     0 | D:1      | Reached XP level 1. HP: 22/22 MP: 0/0
   152 | D:1      | Reached XP level 2. HP: 29/29 MP: 1/1
   463 | D:1      | Reached skill level 4 in Unarmed Combat
   483 | D:1      | Reached ** piety under Trog
   585 | D:1      | Reached XP level 3. HP: 36/36 MP: 2/2
   700 | D:2      | Noticed Jessica
   710 | D:2      | Killed Jessica
   803 | D:2      | Found a bloodstained altar of Trog.
   959 | D:2      | Reached XP level 4. HP: 41/44 MP: 3/3
  1195 | D:2      | Reached skill level 5 in Unarmed Combat
  1461 | D:3      | Found a sparkling altar of Nemelex Xobeh.
  1500 | D:3      | Noticed Kahsius's ghost (amateur TrBe)
  1511 | D:3      | Killed Kahsius's ghost
  1511 | D:3      | Reached skill level 6 in Unarmed Combat
  1511 | D:3      | Reached XP level 5. HP: 10/50 MP: 4/4
  1621 | D:3      | Found an opulent altar of Gozag.
  1732 | D:3      | Found a basalt altar of Yredelemnul.
  1801 | D:3      | Reached *** piety under Trog
  1877 | D:3      | Reached XP level 6. HP: 59/59 MP: 5/5
  1880 | D:3      | Reached skill level 7 in Unarmed Combat
  1951 | D:3      | Found a faded altar of an unknown god.
  2399 | D:4      | Found a stormy altar of Qazlal.
  2442 | D:4      | Reached skill level 8 in Unarmed Combat
  2442 | D:4      | Reached XP level 7. HP: 66/66 MP: 6/6
  2683 | D:5      | Entered Level 5 of the Dungeon
  2749 | D:5      | Found a radiant altar of Vehumet.
  2898 | D:5      | Found Duczeqyne's Book Emporium.
  2917 | D:5      | Found a blossoming altar of Fedhas.
  2979 | D:6      | Noticed Sigmund
  3032 | D:6      | Killed Sigmund
  3032 | D:6      | Reached skill level 9 in Unarmed Combat
  3033 | D:6      | Reached **** piety under Trog
  3147 | D:6      | Found a staircase to the Ecumenical Temple.
  3295 | D:6      | Noticed Blork the orc
  3304 | D:6      | Killed Blork the orc
  3304 | D:6      | Reached XP level 8. HP: 64/74 MP: 7/7
  3423 | D:6      | Reached skill level 10 in Unarmed Combat
  3622 | D:7      | Found a radiant altar of Vehumet.
  3857 | D:7      | Reached skill level 11 in Unarmed Combat
  4239 | D:7      | Reached XP level 9. HP: 75/80 MP: 8/8
  4364 | D:7      | Reached skill level 12 in Unarmed Combat
  4392 | D:7      | Found a deep blue altar of Sif Muna.
  4539 | D:8      | Found a hide-covered altar of Uskayaw.
  4747 | D:8      | Reached ***** piety under Trog
  4916 | D:8      | Found a glowing golden altar of the Shining One.
  5070 | D:8      | Reached skill level 13 in Unarmed Combat
  5179 | D:8      | Slain by a yak

Skill      XL: |  1  2  3  4  5  6  7  8  9 |
---------------+----------------------------+-----
Unarmed Combat | 4 6 8 9 11 13 | 13.8
Fighting       | |  2.4
Dodging        | |  2.4
Stealth        | |  0.2

Action                   |  1- 3 |  4- 6 |  7- 9 || total
-------------------------+-------+-------+-------++-------
Melee: Unarmed           |    67 |   142 |   234 ||   443
       Punch             |     1 |       |    21 ||    22
Invok: Trog's Hand       |       |       |     1 ||     1
  Use: Scroll            |       |     6 |    14 ||    20
       Potion            |       |       |     1 ||     1
 Stab: Sleeping          |     1 |       |     3 ||     4
       Distracted        |       |     1 |       ||     1
  Eat: Chunk             |    12 |    13 |    28 ||    53
Armor: Animal skin       |    32 |    39 |    38 ||   109
Dodge: Dodged            |    31 |    64 |    85 ||   180
